 Dungeon Crawl Stone Soup version 0.17-a0-227-gf5308cc (webtiles) character file.

347 Ngotmuk the Schismatic (level 6, -1/48 HPs)
             Began as a Demonspawn Abyssal Knight on Mar 29, 2015.
             Was an Elder of Lugonu.
             Succumbed to a worker ant's poison
             ... on level 5 of the Dungeon.
             The game lasted 00:10:41 (4999 turns).

Ngotmuk the Schismatic (Demonspawn Abyssal Knight)  Turns: 4999, Time: 00:10:41

Health: -1/48      AC:  7    Str: 15    XL:     6   Next: 32%
Magic:  10/10      EV:  5    Int: 13    God:    Lugonu [****..]
Gold:   215        SH:  0    Dex: 12    Spells: 0 memorised, 5 levels left

rFire  . . .     SeeInvis .     a - +1 mace
rCold  + . .     Rnd*Rage +     u - +0 plate armour
rNeg   . . .     SustAb   .     (no shield)
rPois  .         Gourm    .     (no helmet)
rElec  .         Spirit   .     s - +0 cloak
rCorr  .         Warding  .     (no gloves)
rMut   .         Stasis   .     (no boots)
MR     .....                    t - amulet of regeneration
Stlth  ..........               (no ring)
                                (no ring)

@: lethally poisoned (-1 -> -9), not resistant to hostile enchantments,
extremely unstealthy
A: claws 2, berserk 1, cold resistance 1, deformed body, demonic guardian 1
a: Depart the Abyss, Bend Space, Banish, Corrupt, Renounce Religion


You were on level 5 of the Dungeon.
You worshipped Lugonu.
Lugonu was greatly pleased with you.
You were not hungry.

You visited 1 branch of the dungeon, and saw 5 of its levels.
You visited the Abyss 1 time.

You collected 215 gold pieces.

Inventory:

Hand weapons
 a - a +1 mace (weapon)
Armour
 s - a +0 cloak (worn)
 u - a +0 plate armour (worn)
Jewellery
 t - an amulet of regeneration (around neck)
Scrolls
 d - 6 scrolls of remove curse {unknown}
 e - a scroll of fog {unknown}
 f - 4 scrolls of identify {unknown}
 g - a scroll of enchant weapon {unknown}
 h - a scroll of noise {unknown}
 i - 2 scrolls of blinking {unknown}
 j - a scroll of enchant armour {unknown}
 m - a scroll of random uselessness {unknown}
 n - a scroll of magic mapping {unknown}
Potions
 k - a potion of agility {unknown}
 l - a potion of haste {unknown}
 o - 2 potions of heal wounds {unknown}
 p - 2 potions of mutation {unknown}
 q - a potion of curing {unknown}
Comestibles
 c - 2 bread rations
 r - 2 meat rations


   Skills:
 + Level 3.9 Fighting
 + Level 3.1 Maces & Flails
 + Level 3.3 Armour
 + Level 2.8 Dodging
 + Level 4.2 Invocations


You had 5 spell levels left.
You didn't know any spells.

Dungeon Overview and Level Annotations

Branches:
Dungeon (5/15)
 Temple: D:4-7

Altars:
Gozag
Ru
Xom
Zin


Innate Abilities, Weirdness & Mutations

You have very sharp fingernails.
A weak demonic guardian rushes to your aid.
You tend to lose your temper in combat.
Your flesh is cold resistant.
Armour fits poorly on your strangely shaped body.


Message History

* * * LOW HITPOINT WARNING * * *
You feel sick.
The worker ant bites you but does no damage.
The worker ant barely misses you.
* * * LOW HITPOINT WARNING * * *
You feel sick.
You hit the worker ant.
The worker ant is almost dead.
* * * LOW HITPOINT WARNING * * *
You feel sick. The worker ant bites you.
* * * LOW HITPOINT WARNING * * *
You are more poisoned.
The worker ant poisons you!
It was a potion of cancellation.
You feel magically purged.
* * * LOW HITPOINT WARNING * * *
You feel sick.
The worker ant bites you but does no damage.
Your plate armour prevents you from hitting the worker ant.
The worker ant is almost dead.
You die...

#### #... #... ###...
#.....##### #.........#
#.........#
#.....a@..######
#...#...#+#......#
+...+........# ...
#...###+#....#### ...
..#+#..........#.##+#..
... +<.........'....#..
. #..........#.##.#..
###...#+####.##.+..
+...+......+<.#.>


You could see a worker ant.

Vanquished Creatures
  A crimson imp (D:5)
  An orc wizard (D:3)
  Ijyb (D:2)
  3 gnolls (D:4)
  7 adders
  3 worms
  An adder skeleton (D:5)
  8 orcs
  2 ball pythons
  A bat skeleton (D:4)
  3 hobgoblins (D:2)
  6 jackals (D:2)
  10 kobolds
  4 oozes
  11 bats
  7 giant cockroaches
  4 giant geckos
  3 giant newts
  8 goblins
  15 rats
99 creatures vanquished.

Vanquished Creatures (collateral kills)
  A sky beast (D:5)
1 creature vanquished.

Vanquished Creatures (others)
  A quasit (D:5)
  An ufetubus (D:5)
2 creatures vanquished.

Grand Total: 102 creatures vanquished

Notes
Turn   | Place    | Note
--------------------------------------------------------------
     0 | Abyss:1  | Ngotmuk, the Demonspawn Abyssal Knight, began the quest for the Orb.
     0 | Abyss:1  | Reached XP level 1. HP: 18/18 MP: 1/1
    33 | Abyss:1  | Found a corrupted altar of Lugonu.
    52 | D:1      | Escaped the Abyss
   115 | D:1      | Reached skill level 1 in Dodging
   343 | D:1      | Gained mutation: You have sharp fingernails. [demonic ancestry]
   343 | D:1      | Reached XP level 2. HP: 24/24 MP: 2/2
   814 | D:2      | Acquired Lugonu's second power
   993 | D:2      | Reached XP level 3. HP: 27/29 MP: 4/4
  1180 | D:2      | Noticed Ijyb
  1200 | D:2      | Killed Ijyb
  1258 | D:2      | Found a shimmering altar of Xom.
  1263 | D:2      | Found a shimmering altar of Xom.
  1264 | D:2      | Found a shimmering altar of Xom.
  1286 | D:2      | You fall through a shaft!
  1332 | D:2      | Reached XP level 4. HP: 35/35 MP: 6/6
  1658 | D:2      | Acquired Lugonu's third power
  2212 | D:3      | Found a glowing silver altar of Zin.
  2375 | D:3      | Gained mutation: You have very sharp fingernails. [demonic ancestry]
  2375 | D:3      | Reached XP level 5. HP: 38/41 MP: 8/8
  3265 | D:4      | Acquired Lugonu's fourth power
  3643 | D:4      | Found a sacrificial altar of Ru.
  3853 | D:4      | Noticed an ogre
  3855 | D:4      | Found an opulent altar of Gozag.
  3919 | D:4      | HP: 2/42 [ogre/giant club (15)]
  4402 | D:5      | Entered Level 5 of the Dungeon
  4469 | D:5      | Reached skill level 4 in Invocations
  4469 | D:5      | Gained mutation: A weak demonic guardian rushes to your aid. [demonic ancestry]
  4469 | D:5      | Reached XP level 6. HP: 43/48 MP: 10/10
  4493 | D:5      | Noticed a sky beast
  4519 | D:5      | Killed a sky beast
  4587 | D:5      | Gained mutation: Your flesh is cold resistant. [mutagenic meat]
  4588 | D:5      | Gained mutation: Armour fits poorly on your strangely shaped body. [mutagenic meat]
  4589 | D:5      | Gained mutation: You tend to lose your temper in combat. [mutagenic meat]
  4997 | D:5      | HP: 2/48 [worker ant (1)]
  4999 | D:5      | Succumbed to a worker ant's poison

Action                   |  1- 3 |  4- 6 || total
-------------------------+-------+-------++-------
Melee: Mace              |   149 |   295 ||   444
  Use: Potion            |       |     1 ||     1
  Eat: Pizza             |     1 |       ||     1
       Meat ration       |       |     1 ||     1
       Bread ration      |       |     2 ||     2
       Chunk             |       |     3 ||     3
